 Dungeon Crawl Stone Soup version 0.23-a0-844-gdc03e01 (webtiles) character file.

32 ohad the Skirmisher (level 3, 0/58 HPs)
             Began as an Ogre Berserker on Jan 26, 2019.
             Was a Follower of Trog.
             Succumbed to an adder's poison
             ... on level 2 of the Dungeon.
             The game lasted 00:01:42 (1138 turns).

ohad the Skirmisher (Ogre Berserker)                Turns: 1138, Time: 00:01:43

Health: 0/58       AC:  3    Str: 26    XL:     3   Next: 27%
Magic:  3/3        EV: 10    Int:  8    God:    Trog [*.....]
Gold:   76         SH:  0    Dex:  9    Spells: 2/2 levels left

rFire    . . .     SeeInvis .   a - +0 mace
rCold    . . .     Gourm    .   (no shield)
rNeg     . . .     Faith    .   b - +0 animal skin
rPois    .         Spirit   .   (helmet restricted)
rElec    .         Reflect  .   (no cloak)
rCorr    .         Harm     .   (gloves unavailable)
MR       .....                  (boots unavailable)
Stlth    ..........             (no amulet)
HPRegen  0.19/turn              d - ring of flight
MPRegen  0.08/turn              (no ring)

@: berserking, lethally poisoned (0 -> -7), very quick
A: large, unfitting armour, tough skin 1
a: Berserk, Renounce Religion, Evoke Flight


You were on level 2 of the Dungeon.
You worshipped Trog.
Trog was aware of your devotion.
You were hungry.

You visited 1 branch of the dungeon, and saw 2 of its levels.

You collected 76 gold pieces.

Inventory:

Hand Weapons
 a - a +0 mace (weapon)
Armour
 b - a +0 animal skin (worn)
Jewellery
 d - a ring of flight (left hand)
Scrolls
 e - 2 scrolls of remove curse
 g - 5 scrolls of identify {unknown}
 h - a scroll of magic mapping {unknown}
Comestibles
 c - 3 rations
 f - a chunk of flesh


   Skills:
 - Level 4.0 Fighting
 + Level 3.9 Maces & Flails
 - Level 2.6 Dodging


You had 2 spell levels left.
You didn't know any spells.
Your spell library was empty.

Dungeon Overview and Level Annotations

Branches:
Dungeon (2/15)

Altars:


Innate Abilities, Weirdness & Mutations

You are too large for most types of armour.
You have tough skin. (AC +1)


Message History

You feel sick. The adder bites you.
* * * LOW HITPOINT WARNING * * *
A red film seems to cover your vision as you go berserk!
You feel yourself moving faster!
You feel mighty!
You are feeling hungry.
* * * LOW HITPOINT WARNING * * *
You feel sick. The adder bites you.
* * * LOW HITPOINT WARNING * * *
The adder bites you.
* * * LOW HITPOINT WARNING * * *
You sock the adder!
You feel the power of Trog in you as your rage grows.
You kill the adder!
Trog accepts your kill.
You have reached level 3!
Your experience leads to an increase in your attributes!
Your base attributes are Str 20, Int 8, Dex 8.
Increase (S)trength, (I)ntelligence, or (D)exterity?
You feel agile.
You feel stronger.
You die...

# #. ######## ..
#.......
#.#############.######
#...†@..........#
#################


There were no monsters in sight!

Vanquished Creatures
  An adder (D:2)
  2 hobgoblins (D:1)
  5 bats (D:1)
  2 frilled lizards (D:1)
  5 goblins (D:1)
  5 kobolds (D:1)
  4 rats
24 creatures vanquished.

Notes
Turn   | Place    | Note
-------+----------+-------------------------------------------
     0 | D:1      | ohad the Ogre Berserker began the quest for the Orb.
     0 | D:1      | Reached XP level 1. HP: 24/24 MP: 1/1
   298 | D:1      | Reached XP level 2. HP: 25/32 MP: 2/2
  1137 | D:2      | HP: 2/48 [adder (4)]
  1138 | D:2      | Reached XP level 3. HP: 1/39 MP: 3/3
  1138 | D:2      | Succumbed to an adder's poison

Vault maps used:
D:1:      dpeg_arrival_ternary, minmay_pentomino_r2
D:2:      first_ration, minmay_goblin_kobold_house

Skill      XL: |  1 |
---------------+----+-----
Maces & Flails | 3 |  3.9
Fighting       | |  4.0
Dodging        | |  2.6

Action                   || total
-------------------------++-------
Melee: Mace              ||    73
Invok: Berserk           ||     1
  Use: Scroll            ||     1
  Eat: Chunk             ||     1
Armor: Animal skin       ||    17
Dodge: Dodged            ||    48

Table legend:
 A = Non-vault XP
 B = Vault XP
 C = Vault XP percentage of total XP
 D = Non-vault monster count
 E = Vault monster count
 F = Vault count percentage of total count
                 A         B        C        D         E       F
            +---------+---------+-------+---------+---------+-------
      Total |      44 |       3 |   6.4 |      22 |       2 |   8.3
            +---------+---------+-------+---------+---------+-------
        D:1 |      29 |       3 |   9.4 |      20 |       2 |   9.1
        D:2 |      15 |       0 |   0.0 |       2 |       0 |   0.0
            +---------+---------+-------+---------+---------+-------
